[Event "EYCC Open-U10 2019"]
[Site "Bratislava"]
[Date "2019.08.10"]
[Round "9.35"]
[White "Foldes, Marton Gabor"]
[Black "Qasem, Muhamad Mody"]
[Result "1-0"]
[ECO "B33"]
[WhiteElo "1803"]
[BlackElo "1400"]
[Annotator "NA RC"]
[PlyCount "67"]
[EventDate "2019.08.02"]
[EventType "swiss"]
[EventCountry "SVK"]
[SourceTitle "playchess.com"]
[Source "ChessBase"]
[SourceQuality "1"]
[TimeControl "40/5400+30:1800+30"]

1. e4 c5 2. Nf3 e6 3. d4 cxd4 4. Nxd4 Nf6 5. Nc3 Nc6 6. Ndb5 d6 7. Bf4 e5 8. Bg5 a6 9. Na3 b5 10. Nd5 Be7 11. Bxf6 Bxf6 12. c4 b4 13. Nc2 a5 14. g3 O-O 15. Bg2 Bg5 16. O-O Be6 17. Qd3 f5 18. f4 Bh6 19. Nde3 fxe4 20. Bxe4 Rc8 21. f5 Bxe3+ 22. Nxe3 Bf7 23. b3 Bh5 24. Bxc6 Qg5 25. Ng2 Rf6 26. Bd5+ Kh8 27. h4 Qh6 28. Qe3 Qxe3+ 29. Nxe3 Be2 30. Rf2 Bd3 31. Rd1 e4 32. Rf4 Re8 33. Bc6 Ref8 34. Bxe4 1-0

[Event "EYCC Open-U10 2019"]
[Site "Bratislava"]
[Date "2019.08.10"]
[Round "9.36"]
[White "Tolmacevs, Artjoms"]
[Black "Hvozdz, Aliaksandr"]
[Result "1/2-1/2"]
[ECO "B01"]
[WhiteElo "1583"]
[BlackElo "1699"]
[Annotator "NA RC"]
[PlyCount "140"]
[EventDate "2019.08.02"]
[EventType "swiss"]
[EventCountry "SVK"]
[SourceTitle "playchess.com"]
[Source "ChessBase"]
[SourceQuality "1"]
[TimeControl "40/5400+30:1800+30"]

1. e4 d5 2. exd5 Qxd5 3. Nc3 Qd6 4. d4 Nf6 5. Bd3 c6 6. Nge2 Bg4 7. f3 Bh5 8. Bf4 Qd8 9. Qd2 e6 10. O-O-O Bb4 11. Qe3 Bg6 12. g4 Bd6 13. Bxd6 Qxd6 14. Ne4 Qe7 15. h4 Nbd7 16. h5 Bxe4 17. Bxe4 Nb6 18. Qb3 O-O-O 19. Nc3 Nfd5 20. Nxd5 cxd5 21. Bd3 Kb8 22. Kb1 Rc8 23. f4 Nc4 24. Bxc4 Rxc4 25. c3 Rhc8 26. Qc2 Qb4 27. Qb3 Qa5 28. f5 R8c6 29. fxe6 Rxe6 30. Rde1 Rb6 31. Re8+ Kc7 32. Qc2 Qxc3 33. Qxc3 Rxc3 34. Re7+ Kd8 35. Rxf7 Re3 36. Rc1 Re2 37. b3 Ra6 38. a4 Rb6 39. Rc3 Re7 40. Rxe7 Kxe7 41. Kc2 Kf6 42. Rf3+ Ke7 43. Rf5 Rd6 44. Re5+ Kd7 45. g5 Kc6 46. Re7 Rd7 47. Re6+ Kc7 48. Kc3 Rd6 49. Re7+ Rd7 50. Re5 a5 51. Kd3 Rd6 52. Ke3 g6 53. hxg6 hxg6 54. Re7+ Rd7 55. Re6 Rd6 56. Re8 Rb6 57. Kf4 Rxb3 58. Re6 Rb6 59. Rxb6 Kxb6 60. Ke5 Kc6 61. Kf6 b5 62. axb5+ Kxb5 63. Kxg6 a4 64. Kf7 a3 65. g6 a2 66. g7 a1=Q 67. g8=Q Qxd4 68. Qb8+ Kc4 69. Qc8+ Qc5 70. Qa6+ Kc3 1/2-1/2

[Event "EYCC Open-U10 2019"]
[Site "Bratislava"]
[Date "2019.08.10"]
[Round "9.37"]
[White "Deladerriere, Apollo"]
[Black "Haubold, Christian Lucas"]
[Result "1-0"]
[ECO "C44"]
[WhiteElo "1696"]
[BlackElo "1429"]
[Annotator "NA RC"]
[PlyCount "55"]
[EventDate "2019.08.02"]
[EventType "swiss"]
[EventCountry "SVK"]
[SourceTitle "playchess.com"]
[Source "ChessBase"]
[SourceQuality "1"]
[TimeControl "40/5400+30:1800+30"]

1. e4 e5 2. Nf3 Nc6 3. d4 exd4 4. Nxd4 Qf6 5. Nxc6 dxc6 6. Bc4 Bc5 7. O-O Ne7 8. Be3 Bb6 9. Nc3 O-O 10. Bxb6 cxb6 11. Qe2 Ng6 12. a3 Ne5 13. Bb3 Bg4 14. f3 Be6 15. f4 Bxb3 16. fxe5 Qxe5 17. cxb3 Qe6 18. Qc4 Qh6 19. Rf3 b5 20. Qe2 Qe6 21. Raf1 Qxb3 22. Nd5 Qa2 23. Qf2 f6 24. Ne7+ Kh8 25. Rh3 Qf7 26. Rxh7+ Kxh7 27. Qh4+ Qh5 28. Qxh5# 1-0

[Event "EYCC Open-U10 2019"]
[Site "Bratislava"]
[Date "2019.08.10"]
[Round "9.38"]
[White "Torosyan, Bagrat"]
[Black "Sava, Robert-Gabriel"]
[Result "0-1"]
[ECO "B24"]
[WhiteElo "1586"]
[BlackElo "1292"]
[Annotator "NA RC"]
[PlyCount "96"]
[EventDate "2019.08.02"]
[EventType "swiss"]
[EventCountry "SVK"]
[SourceTitle "playchess.com"]
[Source "ChessBase"]
[SourceQuality "1"]
[TimeControl "40/5400+30:1800+30"]

1. e4 c5 2. Nc3 Nc6 3. g3 g6 4. Bg2 Bg7 5. d3 Nf6 6. f4 O-O 7. Nge2 e6 8. O-O d5 9. e5 Nd7 10. Bh3 Re8 11. Re1 f6 12. exf6 Nxf6 13. Bg2 Rb8 14. Kh1 a6 15. Ng1 Bd7 16. h3 Qc7 17. Nf3 b5 18. Ne5 Nxe5 19. Rxe5 Nh5 20. Rxh5 gxh5 21. Qxh5 Bc6 22. Bd2 Qf7 23. Qxf7+ Kxf7 24. Rf1 Rec8 25. f5 Bxc3 26. fxe6+ Kxe6 27. bxc3 d4 28. Re1+ Kf7 29. Be4 Bxe4+ 30. Rxe4 Rb6 31. Kg2 Re6 32. Rxe6 Kxe6 33. g4 Kd5 34. h4 c4 35. cxd4 cxd3 36. cxd3 Rc2 37. Kf3 Rxd2 38. g5 Rxd3+ 39. Kg4 Rxd4+ 40. Kh5 a5 41. a3 a4 42. g6 hxg6+ 43. Kxg6 Rxh4 44. Kg5 Re4 45. Kf5 b4 46. axb4 Rxb4 47. Kg5 Ke5 48. Kh5 Kf6 0-1

[Event "EYCC Open-U10 2019"]
[Site "Bratislava"]
[Date "2019.08.10"]
[Round "9.39"]
[White "Gut, Lionel"]
[Black "Klaska, Philipp Leon"]
[Result "1-0"]
[ECO "D32"]
[WhiteElo "1583"]
[BlackElo "1441"]
[Annotator "NA RC"]
[PlyCount "71"]
[EventDate "2019.08.02"]
[EventType "swiss"]
[EventCountry "SVK"]
[SourceTitle "playchess.com"]
[Source "ChessBase"]
[SourceQuality "1"]
[TimeControl "40/5400+30:1800+30"]

1. d4 d5 2. c4 e6 3. Nc3 c5 4. cxd5 exd5 5. Nf3 Nc6 6. e3 Nf6 7. Bb5 Bd6 8. dxc5 Bxc5 9. Nd4 Qc7 10. O-O O-O 11. Bd3 a6 12. Nb3 Ba7 13. Ne2 Bd7 14. Bd2 Rac8 15. Rc1 Bb8 16. g3 Bh3 17. Re1 Qe7 18. Bc3 Ng4 19. Nf4 Bxf4 20. exf4 Qd7 21. Nc5 Qc7 22. Bf1 Bxf1 23. Qxg4 d4 24. Bxd4 Nxd4 25. Ne6 Nxe6 26. Rxc7 Rxc7 27. Kxf1 Rc2 28. Re2 Rc1+ 29. Kg2 g6 30. f5 Nc7 31. f6 Ne6 32. Rxe6 fxe6 33. Qxe6+ Rf7 34. Qe8+ Rf8 35. f7+ Kg7 36. Qe5+ 1-0

[Event "EYCC Open-U10 2019"]
[Site "Bratislava"]
[Date "2019.08.10"]
[Round "9.40"]
[White "Arora, Abhiraaj"]
[Black "Olszewski, Antoni"]
[Result "1-0"]
[ECO "B43"]
[WhiteElo "1463"]
[BlackElo "1380"]
[Annotator "NA RC"]
[PlyCount "35"]
[EventDate "2019.08.02"]
[EventType "swiss"]
[EventCountry "SVK"]
[SourceTitle "playchess.com"]
[Source "ChessBase"]
[SourceQuality "1"]
[TimeControl "40/5400+30:1800+30"]

1. e4 c5 2. Nf3 e6 3. d4 cxd4 4. Nxd4 a6 5. Nc3 b5 6. Bf4 d6 7. Bg3 Bb7 8. Be2 b4 9. Na4 Bxe4 10. Bf3 Bxf3 11. Qxf3 d5 12. O-O-O Bd6 13. Rhe1 Qg5+ 14. Kb1 Bxg3 15. fxg3 Qf6 16. Qxd5 Ra7 17. Nxe6 Ne7 18. Qd8# 1-0

[Event "EYCC Open-U10 2019"]
[Site "Bratislava"]
[Date "2019.08.10"]
[Round "9.41"]
[White "Kozlovic, Jernej"]
[Black "Sowinski, Pawel"]
[Result "0-1"]
[ECO "B22"]
[WhiteElo "1294"]
[BlackElo "1644"]
[Annotator "NA RC"]
[PlyCount "180"]
[EventDate "2019.08.02"]
[EventType "swiss"]
[EventCountry "SVK"]
[SourceTitle "playchess.com"]
[Source "ChessBase"]
[SourceQuality "1"]
[TimeControl "40/5400+30:1800+30"]

1. e4 c5 2. c3 d5 3. exd5 Qxd5 4. d4 Nf6 5. Nf3 Bg4 6. Be2 Nc6 7. h3 Bh5 8. Be3 e6 9. O-O Rd8 10. Re1 Be7 11. Qa4 O-O 12. Nbd2 cxd4 13. cxd4 Bb4 14. Red1 Qa5 15. Qxa5 Bxa5 16. Nb3 Bb6 17. Rac1 Rd6 18. g4 Bg6 19. Bf4 Rd7 20. Bb5 Be4 21. Ne5 Rxd4 22. Nxd4 Nxd4 23. Bf1 Nd5 24. Be3 Nf3+ 25. Nxf3 Bxf3 26. Rd3 Be4 27. Rb3 Bxe3 28. fxe3 f5 29. Bg2 b6 30. Rf1 g6 31. Bxe4 fxe4 32. Rxf8+ Kxf8 33. a4 a5 34. Kf2 Ke7 35. Ra3 Kd6 36. Ra1 Kc5 37. Rc1+ Kb4 38. Rc6 Kxa4 39. Rxe6 Kb3 40. Rd6 Nb4 41. Rxb6 Kxb2 42. Rb5 Kc3 43. Rxa5 Kd2 44. Ra7 Nd3+ 45. Kf1 Kxe3 46. Ra2 Kf3 47. g5 e3 48. Rc2 Nf4 49. Rc3 Nxh3 50. Rc2 Nxg5 51. Rf2+ Kg3 52. Rg2+ Kf4 53. Rh2 h5 54. Rg2 h4 55. Re2 h3 56. Rh2 Kg3 57. Re2 Nf3 58. Ra2 Nd2+ 59. Ke2 Nc4 60. Rc2 h2 61. Rxc4 h1=Q 62. Kxe3 Qf3+ 63. Kd2 Kf2 64. Rc2 Qe3+ 65. Kd1+ Kf1 66. Rb2 Qd3+ 67. Kc1 Ke1 68. Rc2 Qa3+ 69. Rb2 Qc3+ 70. Kb1 Kd1 71. Ka2 Kc1 72. Rb1+ Kd2 73. Rb2+ Kd1 74. Rb1+ Kd2 75. Rb2+ Qxb2+ 76. Kxb2 g5 77. Kb3 g4 78. Kc4 g3 79. Kd4 g2 80. Ke4 g1=Q 81. Ke5 Qg4 82. Kd5 Kc3 83. Ke5 Kd3 84. Kd5 Qf5+ 85. Kd6 Kc4 86. Kc6 Qe6+ 87. Kc7 Kb5 88. Kb7 Qe7+ 89. Kc8 Kb6 90. Kb8 Qb7# 0-1

[Event "EYCC Open-U10 2019"]
[Site "Bratislava"]
[Date "2019.08.10"]
[Round "9.42"]
[White "Morozov, Saveliy"]
[Black "Haubold, Sebastian Marcel"]
[Result "0-1"]
[ECO "C46"]
[WhiteElo "1278"]
[BlackElo "1455"]
[Annotator "NA RC"]
[PlyCount "86"]
[EventDate "2019.08.02"]
[EventType "swiss"]
[EventCountry "SVK"]
[SourceTitle "playchess.com"]
[Source "ChessBase"]
[SourceQuality "1"]
[TimeControl "40/5400+30:1800+30"]

1. e4 e5 2. Nf3 Nc6 3. Nc3 Bc5 4. Nxe5 Bxf2+ 5. Kxf2 Nxe5 6. d4 Ng6 7. Be3 d6 8. Bb5+ c6 9. Bd3 Nf6 10. h3 b5 11. a3 Qc7 12. Rf1 Bd7 13. Kg1 O-O 14. Bg5 Ne8 15. Ne2 h6 16. Be3 c5 17. c3 a5 18. Nf4 Nxf4 19. Bxf4 Qb6 20. Be3 c4 21. Bc2 Nc7 22. Qd2 d5 23. Qf2 Rae8 24. e5 b4 25. Qg3 Kh8 26. Rf2 bxc3 27. bxc3 Qb2 28. Rb1 Qxc3 29. Rb7 Rc8 30. e6 Bxe6 31. Rxc7 Rxc7 32. Qxc7 Qxe3 33. Qc6 Qxd4 34. Qa6 Qc5 35. a4 Rb8 36. Bf5 Bxf5 37. Qb5 Rxb5 38. axb5 c3 39. Kf1 Bd3+ 40. Kg1 c2 41. Kh2 Qxf2 42. b6 c1=Q 43. h4 Qxh4# 0-1

[Event "EYCC Open-U10 2019"]
[Site "Bratislava"]
[Date "2019.08.10"]
[Round "9.43"]
[White "Tran, Sixten"]
[Black "Pereverzev, Timofei"]
[Result "1/2-1/2"]
[ECO "B22"]
[WhiteElo "1516"]
[BlackElo "1332"]
[Annotator "NA RC"]
[PlyCount "107"]
[EventDate "2019.08.02"]
[EventType "swiss"]
[EventCountry "SVK"]
[SourceTitle "playchess.com"]
[Source "ChessBase"]
[SourceQuality "1"]
[TimeControl "40/5400+30:1800+30"]

1. e4 c5 2. c3 d5 3. exd5 Qxd5 4. d4 Nf6 5. Nf3 e6 6. Bd3 cxd4 7. cxd4 Nc6 8. O-O Bd6 9. Nc3 Qa5 10. Bd2 Qh5 11. Nb5 Bb8 12. Re1 a6 13. Nc3 O-O 14. Bg5 Bxh2+ 15. Nxh2 Qxg5 16. Nf3 Qa5 17. Ne5 Qb6 18. Nxc6 Qxc6 19. Ne4 Qd5 20. Nxf6+ gxf6 21. Re3 Rd8 22. Rg3+ Kf8 23. Bxh7 Ke7 24. Rg7 Bd7 25. Qd3 Bc6 26. Qa3+ Qd6 27. Qxd6+ Rxd6 28. Rd1 Rad8 29. Rg4 e5 30. Kf1 Rxd4 31. Rgxd4 Rxd4 32. Rxd4 exd4 33. g3 Ke6 34. Bb1 f5 35. a3 Be4 36. Ba2+ Bd5 37. Bb1 Bc4+ 38. Ke1 Ke5 39. f4+ Ke6 40. Kd2 f6 41. Bc2 b5 42. Bb1 Bd5 43. Bc2 a5 44. b4 axb4 45. axb4 Be4 46. Bb3+ Bd5 47. Bc2 Bc4 48. Bb1 d3 49. Ke3 Kd5 50. Bxd3 Bxd3 51. Kxd3 Kc6 52. Kd4 Kd6 53. Ke3 Ke6 54. Kd2 1/2-1/2

[Event "EYCC Open-U10 2019"]
[Site "Bratislava"]
[Date "2019.08.10"]
[Round "9.44"]
[White "La Barbera, Manfredi"]
[Black "Derbenev, Arseniy"]
[Result "0-1"]
[ECO "C02"]
[WhiteElo "1479"]
[BlackElo "1219"]
[Annotator "NA RC"]
[PlyCount "76"]
[EventDate "2019.08.02"]
[EventType "swiss"]
[EventCountry "SVK"]
[SourceTitle "playchess.com"]
[Source "ChessBase"]
[SourceQuality "1"]
[TimeControl "40/5400+30:1800+30"]

1. e4 e6 2. d4 d5 3. e5 c5 4. c3 Nc6 5. Nf3 Bd7 6. a3 c4 7. Be2 Nge7 8. Bf4 Ng6 9. Bg3 Be7 10. Nbd2 O-O 11. O-O a5 12. b3 b5 13. a4 Na7 14. Qc2 cxb3 15. Nxb3 bxa4 16. Nbd2 Qc7 17. h4 Rfc8 18. Rfc1 Bb5 19. Bxb5 Nxb5 20. Nb1 a3 21. h5 Nf8 22. Qd3 Qc4 23. Qc2 h6 24. Bh4 Bxh4 25. Nxh4 Nxd4 26. cxd4 Qxc2 27. Rxc2 Rxc2 28. Nxa3 Rb2 29. Nf3 Nd7 30. Nb1 Rc2 31. Nbd2 a4 32. Kf1 Nb6 33. Ke1 a3 34. Kd1 Rb2 35. Kc1 Rc8+ 36. Kd1 a2 37. Ne1 Nc4 38. Nc2 Nxd2 0-1

[Event "EYCC Open-U10 2019"]
[Site "Bratislava"]
[Date "2019.08.10"]
[Round "9.45"]
[White "Hasanli, Ziya"]
[Black "Ribstein, Orel"]
[Result "0-1"]
[ECO "E77"]
[WhiteElo "1315"]
[BlackElo "1662"]
[Annotator "NA RC"]
[PlyCount "36"]
[EventDate "2019.08.02"]
[EventType "swiss"]
[EventCountry "SVK"]
[SourceTitle "playchess.com"]
[Source "ChessBase"]
[SourceQuality "1"]
[TimeControl "40/5400+30:1800+30"]

1. d4 d6 2. c4 g6 3. Nc3 Bg7 4. e4 Nf6 5. f4 O-O 6. Nf3 c5 7. d5 e6 8. Be2 exd5 9. cxd5 b5 10. e5 dxe5 11. fxe5 Ng4 12. d6 Nd7 13. Bf4 Rb8 14. e6 fxe6 15. Ng5 Nf2 16. Kxf2 Qxg5 17. g3 e5 18. Qd5+ Kh8 0-1

[Event "EYCC Open-U10 2019"]
[Site "Bratislava"]
[Date "2019.08.10"]
[Round "9.46"]
[White "Burkart, Lloyd Shang"]
[Black "Oglaza, Dawid"]
[Result "1/2-1/2"]
[ECO "A40"]
[WhiteElo "1522"]
[BlackElo "1284"]
[Annotator "NA RC"]
[PlyCount "90"]
[EventDate "2019.08.02"]
[EventType "swiss"]
[EventCountry "SVK"]
[SourceTitle "playchess.com"]
[Source "ChessBase"]
[SourceQuality "1"]
[TimeControl "40/5400+30:1800+30"]

1. d4 Nf6 2. c4 e6 3. g3 Bb4+ 4. Bd2 Bxd2+ 5. Qxd2 O-O 6. Bg2 d6 7. Nf3 Nbd7 8. Nc3 Nb6 9. b3 d5 10. c5 Nbd7 11. O-O b6 12. b4 c6 13. Rfb1 Qc7 14. a3 e5 15. e3 e4 16. Ne1 Ne8 17. Rc1 Rb8 18. Rab1 b5 19. Nc2 f5 20. Ra1 g5 21. Ne2 Ndf6 22. a4 a6 23. axb5 axb5 24. Ra5 h5 25. Rca1 Bb7 26. Ra7 Qh7 27. h4 gxh4 28. gxh4 Qg7 29. R1a6 Nd7 30. Nf4 Nc7 31. Ra1 Qg4 32. Qd1 Nf6 33. Qxg4+ fxg4 34. Ng6 Rfe8 35. Ne5 Na6 36. Nxc6 Bxc6 37. R1xa6 Rec8 38. Re7 Ne8 39. Re6 Bd7 40. Re5 Nc7 41. Ra7 Be8 42. Rg5+ Kh8 43. Re5 Ra8 44. Rxa8 Rxa8 45. Re7 Rc8 1/2-1/2

[Event "EYCC Open-U10 2019"]
[Site "Bratislava"]
[Date "2019.08.10"]
[Round "9.47"]
[White "Mertins, Ostap"]
[Black "Biyiksiz, Ali Batuhan"]
[Result "0-1"]
[ECO "B27"]
[WhiteElo "1339"]
[BlackElo "1378"]
[Annotator "NA RC"]
[PlyCount "52"]
[EventDate "2019.08.02"]
[EventType "swiss"]
[EventCountry "SVK"]
[SourceTitle "playchess.com"]
[Source "ChessBase"]
[SourceQuality "1"]
[TimeControl "40/5400+30:1800+30"]

1. e4 c5 2. Nf3 g6 3. d4 cxd4 4. Nxd4 Bg7 5. c3 Nc6 6. Be3 Nf6 7. f3 O-O 8. Qd2 d5 9. exd5 Nxd5 10. Nxc6 bxc6 11. Bh6 e5 12. Bxg7 Kxg7 13. c4 Nf4 14. Qxd8 Rxd8 15. Nc3 Bf5 16. g3 Nd3+ 17. Bxd3 Rxd3 18. Ke2 Rb8 19. Na4 Rd4 20. b3 Bd3+ 21. Ke3 Bxc4 22. Rac1 Rd3+ 23. Ke4 f5+ 24. Kxe5 Re8+ 25. Kf4 Rd4+ 26. Kg5 h6# 0-1

[Event "EYCC Open-U10 2019"]
[Site "Bratislava"]
[Date "2019.08.10"]
[Round "9.48"]
[White "Tushishvili, Tamaz"]
[Black "Jalovec, Igor"]
[Result "1-0"]
[ECO "C84"]
[WhiteElo "1323"]
[BlackElo "1465"]
[Annotator "NA RC"]
[PlyCount "99"]
[EventDate "2019.08.02"]
[EventType "swiss"]
[EventCountry "SVK"]
[SourceTitle "playchess.com"]
[Source "ChessBase"]
[SourceQuality "1"]
[TimeControl "40/5400+30:1800+30"]

1. e4 e5 2. Nf3 Nc6 3. Bb5 a6 4. Ba4 Nf6 5. O-O Be7 6. d3 b5 7. Bb3 d6 8. c3 O-O 9. Nbd2 Na5 10. Bc2 c5 11. Re1 Re8 12. Nf1 Bf8 13. Ng3 g6 14. d4 Bg4 15. Bg5 Bg7 16. d5 h6 17. Bxf6 Qxf6 18. h3 Bxf3 19. Qxf3 Qxf3 20. gxf3 Nc4 21. b3 Nb6 22. Kg2 h5 23. Ne2 Bh6 24. Red1 Rec8 25. h4 c4 26. b4 a5 27. a3 axb4 28. axb4 Rxa1 29. Rxa1 Ra8 30. Rxa8+ Nxa8 31. f4 exf4 32. Kf3 Bg7 33. Kxf4 Bf6 34. Nd4 Bxd4 35. cxd4 Nc7 36. Ke3 Na6 37. e5 Nxb4 38. Be4 dxe5 39. dxe5 c3 40. f4 Kf8 41. d6 Na2 42. Kd3 b4 43. Kc2 b3+ 44. Kxb3 Nc1+ 45. Kc4 Ne2 46. f5 Ng3 47. f6 c2 48. Bxc2 Ke8 49. Ba4+ Kd8 50. d7 1-0